 Dungeon Crawl Stone Soup version 0.25.0-10-g039870ee82 (webtiles) character file.

Game seed: 15291909046519869326

1344 mopl the Thaumaturge (level 8, -1/41 HPs)
             Began as a Deep Elf Conjurer on June 22, 2020.
             Shot with an arrow by a centaur (7 damage)
             ... on level 7 of the Dungeon.
             The game lasted 00:08:59 (4503 turns).

mopl the Thaumaturge (Deep Elf Conjurer)            Turns: 4503, Time: 00:09:00

Health: -1/41      AC:  4    Str:  5    XL:     8   Next: 36%
Magic:  22/22      EV: 13    Int: 23    God:
Gold:   248        SH:  0    Dex: 15    Spells: 13/24 levels left

rFire    . . .     SeeInvis .   n - staff of air
rCold    . . .     Gourm    .   (no shield)
rNeg     . . .     Faith    .   A - +0 robe (curse)
rPois    .         Spirit   .   u - +0 helmet
rElec    +         Reflect  .   (no cloak)
rCorr    .         Harm     .   (no gloves)
MR       +....                  p - +0 pair of boots
Stlth    ++........             (no amulet)
HPRegen  0.13/turn              b - ring of protection from magic
MPRegen  0.18/turn              (no ring)

@: no status effects
A: no striking features
a: no special abilities


You were on level 7 of the Dungeon.
You were not hungry.

You visited 1 branch of the dungeon, and saw 7 of its levels.

You collected 248 gold pieces.

Inventory:

Missiles
 a - 8 boomerangs of dispersal
 t - 4 boomerangs (quivered)
 w - 46 poisoned darts
Armour
 p - a +0 pair of boots (worn)
 u - a +0 helmet (worn)
 y - a +2 leather armour of cold resistance
 A - a cursed +0 robe (worn)
Magical Staves
 n - an uncursed staff of air (weapon)
Jewellery
 b - a ring of protection from magic (left hand)
Wands
 o - a wand of disintegration (14)
 B - a wand of digging (6)
Scrolls
 g - 2 scrolls of remove curse {unknown}
 i - 2 scrolls of blinking {unknown}
 k - 2 scrolls of amnesia {unknown}
 l - 2 scrolls of enchant weapon {unknown}
 m - 2 scrolls of random uselessness {unknown}
 r - 3 scrolls of magic mapping {unknown}
 s - a scroll of noise {unknown}
 v - a scroll of enchant armour {unknown}
Potions
 d - a potion of lignification
 e - a potion of haste
 f - a potion of curing
 h - a potion of resistance
 j - a potion of heal wounds
 q - a potion of flight
 x - 3 potions of ambrosia
Comestibles
 c - 24 rations
 z - 3 chunks of flesh


   Skills:
 - Level 2.4 Dodging
 - Level 2.4 Stealth
 * Level 8.5 Spellcasting
 * Level 8.1 Conjurations
 + Level 4.8 Hexes
 + Level 3.7 Translocations


You had 13 spell levels left.
You knew the following spells:

 Your Spells              Type           Power        Failure   Level  Hunger
a - Magic Dart            Conj           ####         1%          1    None
b - Searing Ray           Conj           #####.       1%          2    None
c - Fulminant Prism       Conj/Hex       #####.....   4%          4    ##.....
d - Iskenderun's Mystic   Conj/Tloc      #####...     5%          4    ##.....

Your spell library contained the following spells:

 Spells                   Type           Power        Failure   Level  Hunger
 Dazzling Flash           Conj/Hex       #####.       1%          3    None
 Beastly Appendage        Tmut           #.....       7%          1    None
 Sticks to Snakes         Tmut           #.......     10%         2    None
 Spider Form              Tmut/Pois      #.........   21%         3    None
 Ice Form                 Ice/Tmut       #.......     54%         4    ##.....
 Blade Hands              Tmut           #.........   88%         5    #####..


Dungeon Overview and Level Annotations

Branches:
Dungeon (7/15)
 Temple: D:4-7

Altars:
Ashenzari
Cheibriados
Elyvilon
Hepliaklqana
Makhleb
Okawaru
Ru
Sif Muna
Uskayaw
The Shining One

Shops:
D:4 %


Message History

HP restored.
Found an escape hatch in the floor.
A centaur comes into view.
The centaur shouts!
The centaur wields a +0 shortbow.
The centaur shoots an arrow.
The arrow hits you!!
A centaur comes into view.
You see here an arrow.
The centaur shoots an arrow.
The arrow hits you!
* * * LOW HITPOINT WARNING * * *
You hear an angry hiss.
The centaur shouts!
The centaur wields a +0 shortbow.
The centaur shoots an arrow.
The arrow hits you.
* * * LOW HITPOINT WARNING * * *
You see here an arrow.
The centaur shoots an arrow.
The arrow misses you.
You see here an arrow.
The centaur shoots an arrow.
The arrow hits you!
You die...

c.c.... .....c.
.....#.. #### ##
......... ... ...
........ #.# ....
#...c#####.# ....#
...
#....$.....##......
... #....((...(@..#
....
#......(..###.#
.... #.........# #
.....#.).<#.....>.
.....#..(.########
........(.......
......(.#....###
........#....#
........#....#


You could see a centaur.

Vanquished Creatures
  Eustachio (D:5)
  An orc warrior (D:6)
  A sky beast (D:6)
  An ice beast (D:7)
  A centaur (D:7)
  An ogre (D:6)
  2 big kobolds (D:3)
  A bullfrog (D:7)
  A scorpion (D:6)
  A howler monkey (D:5)
  3 crimson imps
  A jelly (D:6)
  3 hounds
  A bullfrog skeleton (D:5)
  3 worker ants
  A hound zombie (D:7)
  A hound skeleton (D:4)
  2 worker ant zombies
  3 adders
  3 worms (D:2)
  7 leopard geckos
  8 orcs
  7 bats
  3 giant cockroaches
  8 goblins
  7 hobgoblins
  4 jackals (D:4)
  12 kobolds
  A quokka (D:7)
  A ball python (D:1)
  5 frilled lizards
  A leopard gecko skeleton (D:5)
  A leopard gecko zombie (D:5)
  A quokka zombie (D:5)
  7 rats
105 creatures vanquished.

Vanquished Creatures (others)
  A fulminant prism (D:6)
1 creature vanquished.

Grand Total: 106 creatures vanquished

Notes
Turn   | Place    | Note
-------+----------+-------------------------------------------
     0 | D:1      | mopl the Deep Elf Conjurer began the quest for the Orb.
     0 | D:1      | Reached XP level 1. HP: 10/10 MP: 6/6
    82 | D:1      | Reached XP level 2. HP: 15/15 MP: 1/8
    98 | D:1      | Learned a level 2 spell: Searing Ray
   527 | D:2      | Reached XP level 3. HP: 19/19 MP: 7/10
   528 | D:2      | Reached skill level 5 in Conjurations
   548 | D:2      | Found a hide-covered altar of Uskayaw.
   835 | D:2      | Found a snail-covered altar of Cheibriados.
   860 | D:2      | Found a shimmering blue altar of Sif Muna.
  1056 | D:2      | Found a shattered altar of Ashenzari.
  1180 | D:3      | Reached XP level 4. HP: 21/24 MP: 8/12
  1186 | D:3      | Learned a level 4 spell: Fulminant Prism
  1296 | D:3      | Noticed a big kobold
  1383 | D:3      | Reached skill level 5 in Spellcasting
  1389 | D:3      | Learned a level 4 spell: Iskenderun's Mystic Blast
  1479 | D:3      | Noticed a big kobold
  1485 | D:3      | Killed a big kobold
  1485 | D:3      | Reached skill level 1 in Hexes
  1485 | D:3      | Reached XP level 5. HP: 28/28 MP: 7/14
  1628 | D:3      | Reached skill level 1 in Translocations
  1830 | D:4      | Found an iron altar of Okawaru.
  1934 | D:4      | Found Poesk's Food Shop.
  1978 | D:4      | Reached XP level 6. HP: 32/32 MP: 11/16
  2307 | D:5      | Entered Level 5 of the Dungeon
  2475 | D:5      | Found a sacrificial altar of Ru.
  2654 | D:5      | You fall into a shaft and drop 2 floors!
  2681 | D:7      | Noticed an ice beast
  2713 | D:7      | Killed an ice beast
  2713 | D:7      | Reached XP level 7. HP: 33/36 MP: 8/19
  2845 | D:5      | Found a hazy altar of Hepliaklqana.
  3169 | D:5      | Found a white marble altar of Elyvilon.
  3289 | D:5      | Noticed Eustachio
  3311 | D:5      | Killed Eustachio
  3644 | D:6      | Reached XP level 8. HP: 41/41 MP: 14/21
  3720 | D:6      | Found a burning altar of Makhleb.
  3862 | D:6      | Found a glowing golden altar of the Shining One.
  4503 | D:7      | Shot with an arrow by a centaur

Illustrated notes

Levels and vault maps discovered:
D:1:      shiori_arrival_oz, layout_rooms
D:2:      layout_rooms, eat_drink_and_be_merry_uskayaw, cheibriados_altar_1,
          nicolae_overflow_hidden_temple, lemuel_blue_sif_altar
D:3:      cheibrodos_thug_alley, layout_basic, first_ration
D:4:      layout_basic, okawaru_trees_1, serial_shops, shop, item_on_display_a,
          uniq_blork_the_orc
D:5:      layout_basic, old_standard_altar, kennysheep_mini,
          kennysheep_little_box, serial_co_window_serial, co_window_paths_b,
          co_window_paths_a, co_window_corner_a, co_window_corner_a,
          co_window_paths_a, co_window_of_opportunity_b,
          co_window_of_opportunity_c, co_window_unsneaky_path_e,
          co_window_corner_ca, co_window_corner_ca, co_window_of_opportunity_b,
          co_window_corner_b, glass_columns_b, glass_columns_c, uniq_eustachio
D:6:      layout_cave_pools, lemuel_crystal_altar, marbit_many_paths,
          st_stairs_4, chequers_jeans, lightli_orcish_oven
D:7:      layout_basic, overflow_temple_1_default,
          minmay_temple_entry_stoned_glass, the_bakery

Skill      XL: |  1  2  3  4  5  6  7  8 |
---------------+-------------------------+-----
Spellcasting   | 4 5 6 7 8 |  8.5
Conjurations   | 5 6 7 8 |  8.1
Hexes          | 1 2 3 4 |  4.8
Translocations | 1 2 3 |  3.7
Dodging        | |  2.4
Stealth        | |  2.4

Action                   |  1- 3 |  4- 6 |  7- 9 || total
-------------------------+-------+-------+-------++-------
Melee: Unarmed           |     1 |       |       ||     1
       Staff             |       |       |     1 ||     1
 Cast: Magic Dart        |    69 |    42 |    10 ||   121
       Searing Ray       |     4 |    17 |    20 ||    41
       Fulminant Prism   |       |       |     1 ||     1
  Use: Scroll            |     3 |     4 |     1 ||     8
  Eat: Chunk             |       |     5 |     2 ||     7
       Ration            |       |       |     1 ||     1
Armor: Robe              |     4 |     4 |     2 ||    10
Dodge: Dodged            |     4 |    15 |    16 ||    35
